 Dungeon Crawl Stone Soup version 0.24.1-5-g77f818bfca (webtiles) character file.

Game seed: 10827673486059578865, levelgen mode: deterministic

385 TreeFish the Shield-Bearer (level 7, -1/53 HPs)
             Began as a Human Fighter on Apr 16, 2020.
             Slain by a worker ant (4 damage)
             ... on level 4 of the Dungeon on Apr 25, 2020.
             The game lasted 01:24:39 (3125 turns).

TreeFish the Shield-Bearer (Human Fighter)          Turns: 3125, Time: 01:24:40

Health: -1/53      AC:  9    Str: 17    XL:     7   Next: 6%
Magic:  7/7        EV:  3    Int:  8    God:
Gold:   156        SH:  9    Dex: 14    Spells: 6/6 levels left

rFire    . . .     SeeInvis .   a - +0 rapier
rCold    . . .     Gourm    .   c - +2 shield
rNeg     . . .     Faith    .   w - +0 chain mail
rPois    +         Spirit   .   v - +0 helmet
rElec    .         Reflect  .   (no cloak)
rCorr    .         Harm     .   (no gloves)
MR       .....                  (no boots)
Stlth    ..........             (no amulet)
HPRegen  0.17/turn              j - ring of stealth
MPRegen  0.10/turn              i - ring of poison resistance

@: very heavily drained
A: no striking features
a: no special abilities


You were on level 4 of the Dungeon.
You were not hungry.

You visited 1 branch of the dungeon, and saw 4 of its levels.

You collected 156 gold pieces.

Inventory:

Hand Weapons
 a - a +0 rapier (weapon)
 n - a +0 halberd
 q - a +0 hunting sling
 t - a +0 trident
Missiles
 g - 34 sling bullets
 k - 67 stones (quivered)
 m - 14 arrows
 o - 15 poisoned darts
 r - 26 bolts
Armour
 b - a +0 scale mail
 c - a +2 shield (worn)
 v - a +0 helmet (worn)
 w - a +0 chain mail (worn)
Jewellery
 h - an uncursed ring of wizardry
 i - a ring of poison resistance (right hand)
 j - a ring of stealth (left hand)
Scrolls
 s - a scroll of teleportation
 u - a scroll of identify
Potions
 d - a potion of might
 e - 3 potions of curing {???}
 x - a potion of resistance {unknown}
Comestibles
 f - 3 rations


   Skills:
 + Level 3.8(0.0) Fighting
 + Level 3.9(0.0) Short Blades
 + Level 0.3(0.0) Slings
 + Level 4.1(0.0) Armour
 + Level 2.0(0.0) Dodging
 + Level 0.7(0.0) Stealth
 + Level 4.5(0.4) Shields


You had 6 spell levels left.
You didn't know any spells.
Your spell library was empty.

Dungeon Overview and Level Annotations

Branches:
Dungeon (4/15)
 Temple: D:4-7

Altars:
Fedhas
Qazlal


Message History

The worker ant bites you but does no damage.
The worker ant bites you.
* * * LOW HITPOINT WARNING * * *
You hit the worker ant but do no damage.
The worker ant is lightly wounded.
The worker ant bites you.
* * * LOW HITPOINT WARNING * * *
You hit the worker ant.
The worker ant is lightly wounded.
The worker ant bites you.
* * * LOW HITPOINT WARNING * * *
The worker ant bites you but does no damage.
You hit the worker ant but do no damage.
The worker ant is lightly wounded.
The worker ant bites you.
* * * LOW HITPOINT WARNING * * *
You hit the worker ant.
The worker ant is heavily wounded.
The worker ant bites you.
You die...

##### ## ....# #.# ###.#
#.## # #.# # ###.###### ##
###.# #. #....@a..# .
..#.# #.#.#.####.# .##
#.#.# #...#####.# ..##
#.#.#######......##.# ....
......#...##.###.##.##..
...##.'...##.# #.##.#.# ##
...####...##.###.##..###.#
...# ######..##.####.#.#
#.##### ##.##.# ##..##


You could see a worker ant.

Vanquished Creatures
  A bullfrog (D:3)
  The ghost of Descartes the Digger, a weakling FoEE (D:3)
  A hound (D:4)
  An orc priest (D:3)
  Terence (D:3)
  12 adders
  An ooze (D:2)
  3 worms
  A leopard gecko (D:4)
  4 orcs
  5 giant cockroaches
  4 goblins
  10 hobgoblins
  5 jackals
  3 quokkas
  A ball python (D:3)
  9 bats
  7 frilled lizards
  4 kobolds
  6 rats
  A plant (D:2)
81 creatures vanquished.

Notes
Turn   | Place    | Note
-------+----------+-------------------------------------------
     0 | D:1      | TreeFish the Human Fighter began the quest for the Orb.
     0 | D:1      | Reached XP level 1. HP: 18/18 MP: 1/1
   132 | D:1      | Reached XP level 2. HP: 24/24 MP: 2/2
   132 | D:1      | Upgraded the game from 0.24.1-4-ge52af88ad5 to
                  | 0.24.1-5-g77f818bfca
   547 | D:2      | Found a blossoming altar of Fedhas.
   647 | D:2      | Reached XP level 3. HP: 27/29 MP: 3/3
   864 | D:2      | Reached XP level 4. HP: 18/35 MP: 4/4
   931 | D:2      | Reached skill level 1 in Dodging
   987 | D:2      | Found a stormy altar of Qazlal.
  1349 | D:3      | Noticed Terence
  1373 | D:3      | Killed Terence
  1373 | D:3      | Reached XP level 5. HP: 33/41 MP: 5/5
  1650 | D:3      | Found a runed translucent door.
  1650 | D:3      | Noticed a bullfrog
  1672 | D:3      | Noticed Descartes's ghost (weakling FoEE)
  1755 | D:3      | Reached XP level 6. HP: 39/47 MP: 6/6
  1841 | D:3      | Killed Descartes's ghost
  2849 | D:4      | Noticed a phantom
  2880 | D:4      | Reached XP level 7. HP: 33/53 MP: 7/7
  3125 | D:4      | Slain by a worker ant

Levels and vault maps discovered:
D:1:      ebering_trefoil_twist, layout_basic
D:2:      layout_loops_cross, lemuel_crystal_altar, fedhas_altar_3
D:3:      layout_basic, ebering_ghost_sewer_d, first_ration, uniq_terence
D:4:      layout_loops_corners, nicolae_overflow_hidden_temple, minivault_27,
          eino_tiny_chamber, uniq_sigmund

Skill      XL: |  1  2  3  4  5  6 |
---------------+-------------------+-----
Dodging        | 1 2 |  2.0
Shields        | 4 |  4.5
Short Blades   | 3 |  3.9
Armour         | 4 |  4.1
Fighting       | |  3.8
Slings         | |  0.3
Stealth        | |  0.7

Action                   |  1- 3 |  4- 6 |  7- 9 || total
-------------------------+-------+-------+-------++-------
Melee: Rapier            |   162 |   291 |    63 ||   516
 Fire: Hunting sling     |       |     9 |    14 ||    23
Throw: Stone             |       |       |     3 ||     3
  Use: Scroll            |     2 |     6 |       ||     8
       Potion            |     1 |     2 |     3 ||     6
  Eat: Chunk             |       |     1 |       ||     1
       Ration            |       |     2 |       ||     2
Armor: Scale mail        |    36 |    95 |       ||   131
       Chain mail        |       |    57 |    38 ||    95
Dodge: Dodged            |    27 |    66 |     5 ||    98
Block: Shield            |    53 |   158 |    27 ||   238
